 Dungeon Crawl Stone Soup version 0.32-a0-643-ga006e7742e (webtiles) character file.

Game seed: 6368789216138102950

7 IdlyInterested the Slasher (level 1, 0/16 HPs)
             Began as a Demonspawn Gladiator on Mar 7, 2024.
             Slain by a ball python (2 damage)
             ... on level 1 of the Dungeon.
             The game lasted 00:01:29 (426 turns).

IdlyInterested the Slasher (Demonspawn Gladiator)    Turns: 426, Time: 00:01:30

Health: 0/16       AC:  4    Str: 14    XL:     1   Next: 91%
Magic:  1/1        EV:  2    Int:  8    God:
Gold:   70         SH:  0    Dex: 14    Spells: 0/0 levels left

rFire   . . .        a - +0 long sword
rCold   . . .        (no shield)
rNeg    . . .        b - +0 leather armour
rPois   .            c - +0 helmet
rElec   .            (no cloak)
rCorr   .            (no gloves)
SInv    .            (no boots)
Will    .....        (no amulet)
Stlth   +            (no ring)
HPRegen 0.22/turn    (no ring)
MPRegen 0.07/turn

%: no passive effects
@: constricted
A: no striking features
a: no special abilities


You were on level 1 of the Dungeon.
You visited 1 branch of the dungeon, and saw 1 of its levels.

You collected 70 gold pieces.

Inventory:

Hand Weapons
 a - a +0 long sword (weapon)
Missiles
 d - 3 throwing nets (quivered)
 e - a javelin
 i - 14 stones
Armour
 b - a +0 leather armour (worn)
 c - a +0 helmet (worn)
Scrolls
 g - a scroll of identify {unknown}
Potions
 f - a potion of invisibility {unknown}
 h - a potion of enlightenment {unknown}
 j - a potion of resistance {unknown}
 k - a potion of brilliance {unknown}


   Skills:
 - Level 2.0 Fighting
 + Level 3.0 Long Blades
 - Level 1.7 Throwing
 + Level 0.0 Armour
 - Level 2.6 Dodging
 - Level 1.0 Stealth


You couldn't memorise any spells.
You didn't know any spells.
Your spell library was empty.

Dungeon Overview and Level Annotations

Branches:
Dungeon (1/15)

Altars:

Annotations:
D:1 2 transporters


Message History

Found 10 gold pieces.
Found a transporter.
There is a stone staircase leading down here.
A goblin comes into view. It is wielding a +0 club.
You see here 16 gold pieces.
You see here 16 gold pieces.
You now have 70 gold pieces (gained 16).
The goblin shouts!
You hear an angry hiss.
A ball python comes into view.
The goblin closely misses you.
You see here 10 gold pieces.
You completely miss the goblin. The goblin closely misses you.
You barely miss the goblin. The goblin hits you with a +0 club.
The goblin hits you but does no damage.
You barely miss the goblin. The goblin hits you with a +0 club.
You slash the goblin!
You kill the goblin!
The ball python misses you. The ball python closely misses you.
Your Long Blades skill increases to level 3!
You barely miss the ball python. The ball python closely misses you.
The ball python barely misses you.
You hit the ball python but do no damage.
The ball python bites you. The ball python grabs you.
The ball python constricts you.
The ball python bites you but does no damage.
The ball python constricts you.
You closely miss the ball python. The ball python bites you.
The ball python constricts you.
You barely miss the ball python. The ball python barely misses you.
The ball python constricts you. The ball python bites you.
The ball python constricts you.
You barely miss the ball python. The ball python bites you.
The ball python constricts you.
* * * LOW HITPOINT WARNING * * *
You hit the ball python.
The ball python is heavily wounded.
The ball python bites you but does no damage.
The ball python constricts you.
* * * LOW HITPOINT WARNING * * *
The ball python bites you.
You die...

#........ #. ..#
#........ #. #.#
#...##........ .##.. #.#
#$©.###.......
....##.########.......)
#...#..##.©.##........
####.....##...##.#####..
.......S.##...##.# #..
#...@)......^.# #..
#.###.........# #..
#......>..# ##.
#.........# ##
########### #


You could see a ball python.

Vanquished Creatures
  An endoplasm (D:1)
  A quokka (D:1)
  A ball python (D:1)
  A goblin (D:1)
  3 kobolds (D:1)
7 creatures vanquished.

Notes
Turn   | Place    | Note
-------+----------+-------------------------------------------
     0 | D:1      | IdlyInterested the Demonspawn Gladiator began the quest for
                  | the Orb.
     0 | D:1      | Reached XP level 1. HP: 16/16 MP: 1/1
     0 | D:1      | Noticed an elf
     2 | D:1      | Noticed a ghoul
     4 | D:1      | Noticed a formicid
     7 | D:1      | Noticed a draconian
     9 | D:1      | Noticed an elf
    11 | D:1      | Noticed a vampire
    13 | D:1      | Noticed a naga
    15 | D:1      | Noticed a tengu
    15 | D:1      | Noticed an armataur
    17 | D:1      | Noticed a vine stalker
    17 | D:1      | Noticed a barachi
    22 | D:1      | Noticed a minotaur
    31 | D:1      | Found a transporter.
   361 | D:1      | Reached skill level 1 in Stealth
   406 | D:1      | Found a transporter.
   421 | D:1      | Reached skill level 3 in Long Blades
   426 | D:1      | Slain by a ball python

Illustrated notes

Levels and vault maps discovered:
D:1:      shiori_arrival_whats_in_store_for_you, layout_rooms, serial_shops,
          nicolae_shop_drivethru

Skill      XL: |  1 |
---------------+----+-----
Stealth        | 1 |  1.0
Long Blades    | 3 |  3.0
Fighting       | |  2.0
Throwing       | |  1.7
Dodging        | |  2.6

Action                     || total
---------------------------++-------
  Melee: Long sword        ||    33
 Armour: Leather armour    ||    37
  Dodge: Dodged            ||    26

Table legend: (Time is in decaauts)
 A = Elapsed time spent in this place.
 B = Non-inter-level travel time spent in this place.
 C = Inter-level travel time spent in this place.
 D = Time resting spent in this place.
 E = Time spent auto-exploring this place.
 F = Levels seen in this place.
 G = Mean time per level.
                   A        B        C        D        E       F      G
               +--------+--------+--------+--------+--------+-----+--------+
         Total |    434 |    434 |      0 |    167 |    122 |   1 |  434.0 |
       Dungeon |    434 |    434 |      0 |    167 |    122 |   1 |  434.0 |
               +--------+--------+--------+--------+--------+-----+--------+

Top non-repeatable levels by time:
     D:1: 434 daAuts
